 Dungeon Crawl Stone Soup version 0.23.2 (webtiles) character file.

Game seed: 16448181073494486012

4985 Borgoz the Cutter (level 10, -5/61 HPs)
             Began as a Gargoyle Gladiator on Apr 9, 2019.
             Was an Initiate of Ashenzari.
             Killed from afar by a frost giant (19 damage)
             ... with a bolt of cold
             ... on level 8 of the Dungeon.
             The game lasted 00:16:34 (7500 turns).

Borgoz the Cutter (Gargoyle Gladiator)              Turns: 7500, Time: 00:16:35

Health: -5/61      AC: 19    Str: 23    XL:     10   Next: 54%
Magic:  11/12      EV: 16    Int: 12    God:    Ashenzari [......]
Gold:   153        SH:  0    Dex: 14    Spells: 9/10 levels left

rFire    + . .     SeeInvis .   a - +1 dagger (elec)
rCold    + . .     Gourm    .   (no shield)
rNeg     + . .     Faith    .   A - +3 leather armour
rPois    ∞         Spirit   .   c - +0 helmet
rElec    +         Reflect  .   w - +0 cloak
rCorr    +         Harm     .   j - +0 pair of gloves
MR       .....                  (no boots)
Stlth    +++.......             (no amulet)
HPRegen  0.20/turn              k - +2 ring of protection
MPRegen  0.13/turn              r - +3 ring of intelligence

@: mighty, confusing touch, resistant
A: negative energy resistance 1, electricity resistance, unbreathing,
petrification resistance, rot immunity, AC +7
a: Curse Item, Renounce Religion


You were on level 8 of the Dungeon.
You worshipped Ashenzari.
Ashenzari was noncommittal.
You were not hungry.

You visited 2 branches of the dungeon, and saw 9 of its levels.

You collected 625 gold pieces.
You spent 472 gold pieces at shops.

Inventory:

Hand Weapons
 a - a +1 dagger of electrocution (weapon)
 b - a +2 dagger of venom
 n - a +0 rapier
 o - a +0 rapier
Missiles
 d - 3 throwing nets (quivered)
 t - 6 tomahawks of returning
 E - 2 tomahawks
Armour
 c - a +0 helmet (worn)
 j - a +0 pair of gloves (worn)
 w - a +0 cloak (worn)
 A - a +3 leather armour (worn)
 C - a +3 scale mail of cold resistance
Jewellery
 k - a +2 ring of protection (left hand)
 r - a +3 ring of intelligence (right hand)
Wands
 m - a wand of disintegration (13)
 p - a wand of acid (14)
 D - a wand of enslavement (3)
 H - a wand of polymorph (13)
Scrolls
 e - a scroll of fog
 g - 4 scrolls of teleportation
 h - a scroll of immolation {unknown}
 i - a scroll of noise {unknown}
 l - 2 scrolls of random uselessness {unknown}
 s - 3 scrolls of fear
 v - 4 scrolls of remove curse
 y - a scroll of amnesia
 z - 2 scrolls of enchant armour
 B - a scroll of magic mapping
Potions
 u - 2 potions of mutation
Comestibles
 f - 20 rations
 G - 7 chunks of flesh


   Skills:
 + Level 6.5 Fighting
 * Level 7.9 Short Blades
 - Level 2.0 Throwing
 + Level 5.9 Armour
 * Level 7.2 Dodging
 - Level 5.1 Stealth
 + Level 0.5 Spellcasting
 + Level 0.4 Hexes
 + Level 3.5 Evocations


You had 9 spell levels left.
You knew the following spells:

 Your Spells              Type           Power        Failure   Level  Hunger
a - Confusing Touch       Hex            #.....       30%         1    ##.....

Your spell library contained the following spells:

 Spells                   Type           Power        Failure   Level  Hunger
 Animate Skeleton         Necr           N/A          34%         1    ##.....
 Apportation              Tloc           #.....       34%         1    ##.....
 Summon Small Mammal      Summ           #...         34%         1    ##.....


Dungeon Overview and Level Annotations

Branches:
Dungeon (8/15)             Temple (1/1) D:6
   Lair: D:8-11

Altars:
Ashenzari
Cheibriados
Dithmenos
Elyvilon
Fedhas
Gozag
Hepliaklqana
Kikubaaqudgha
Makhleb
Nemelex Xobeh
Okawaru
Qazlal
Ru
Sif Muna
Trog
Uskayaw
Vehumet
Wu Jian
Xom
Yredelemnul
Zin
The Shining One

Shops:
D:8 !:?(


Innate Abilities, Weirdness & Mutations

You are resistant to torment.
Your stone body is resilient. (AC +7)
You are immune to poison.
You resist negative energy. (rN+)
You are resistant to electric shocks. (rElec)
You can survive without breathing.
You are immune to petrification.
You are immune to rotting.


Message History

You throw a throwing net.
The throwing net completely misses the frost giant.
The throwing net hits the ogre mage.
The ogre mage is caught in the net!
The frost giant points at you and mumbles some strange words.
The bolt of cold misses you.
The ogre mage struggles against the net.
Casting: Confusing Touch (safe; 30% risk of failure)
Confirm with . or Enter, or press ? or * to list all spells.
Your hands begin to glow red.
The frost giant gestures at you while chanting.
The bolt of cold hits you! You resist.
* * * LOW HITPOINT WARNING * * *
The ogre mage struggles against the net.
You hit the frost giant but do no damage.
The frost giant is moderately wounded.
You hit the frost giant but do no damage.
The frost giant is moderately wounded.
The frost giant casts a spell at you. The bolt of cold hits you!! You resist.
You die...

#....................###
#.##.####...#######+....
##.## #..### #.###
#...###.##.## #.#()
#...#.....8..$#._ #.#)#
#.#....#......$#.. #...#
#. ##..##O#....$#..
#.)## # #.#. #C#.8..$#._
#..# #.##. #@#.##.##
#..# #. .. #.#?. ## #..#
# ## #.#.. '..# #.#...
....# $..... ##### ###


You could see a frost giant and an ogre mage (caught).

Vanquished Creatures
  Harold (D:7)
  Pikel (D:6)
  4 hogs (D:7)
  A human (D:7)
  Eustachio (D:4)
  Menkaure (D:7)
  A water moccasin (D:6)
  2 ice beasts
  A black bear (D:7)
  A sky beast (D:5)
  3 orc warriors
  A slave (D:6)
  2 ogres (D:6)
  2 phantoms
  A centaur (D:8)
  5 bullfrogs
  4 scorpions
  An electric eel (D:7)
  2 howler monkeys (D:7)
  A centaur zombie (D:7)
  A crimson imp (D:6)
  An orc priest (D:6)
  5 orc wizards
  A centaur skeleton (D:4)
  4 hounds
  Crazy Yiuf (D:3)
  An iguana (D:6)
  Jessica (D:3)
  8 worker ants
  Ijyb (D:4)
  Natasha (thrice) (D:2)
  A killer bee zombie (D:5)
  2 hound skeletons
  Robin (D:3)
  14 adders
  3 shadow imps
  3 oozes
  An adder skeleton (D:5)
  2 worms (D:2)
  3 leopard geckos
  25 orcs
  2 ball pythons (D:3)
  5 giant cockroaches
  17 goblins
  8 hobgoblins
  4 quokkas
  6 bats
  5 frilled lizards
  9 kobolds
  A leopard gecko zombie (D:5)
  A quokka skeleton (D:5)
  11 rats
  2 fungi (D:3)
189 creatures vanquished.

Vanquished Creatures (others)
  A slave (D:7)
  2 orc priests (D:7)
  An orc wizard (D:7)
  A worker ant (D:7)
  2 orcs (D:7)
  A quokka (D:7)
8 creatures vanquished.

Grand Total: 197 creatures vanquished

Notes
Turn   | Place    | Note
-------+----------+-------------------------------------------
     0 | D:1      | Borgoz the Gargoyle Gladiator began the quest for the Orb.
     0 | D:1      | Reached XP level 1. HP: 12/12 MP: 1/1
   100 | D:1      | Reached XP level 2. HP: 12/17 MP: 2/2
   642 | D:2      | Reached XP level 3. HP: 22/22 MP: 3/3
  1106 | D:2      | Noticed Natasha
  1111 | D:2      | Killed Natasha
  1111 | D:2      | Reached XP level 4. HP: 23/27 MP: 4/4
  1144 | D:2      | Noticed Natasha
  1151 | D:2      | Killed Natasha
  1151 | D:2      | Reached skill level 1 in Armour
  1151 | D:2      | Reached skill level 1 in Stealth
  1171 | D:2      | Reached XP level 5. HP: 28/32 MP: 5/5
  1183 | D:2      | Noticed Natasha
  1195 | D:2      | Killed Natasha
  1568 | D:3      | Reached XP level 6. HP: 27/37 MP: 6/6
  1768 | D:3      | Noticed Jessica
  1773 | D:3      | Killed Jessica
  1912 | D:3      | Noticed Robin
  1933 | D:3      | Killed Robin
  2123 | D:3      | Found a runed translucent door.
  2124 | D:3      | Noticed Crazy Yiuf
  2132 | D:3      | Killed Crazy Yiuf
  2373 | D:4      | Noticed Ijyb
  2385 | D:4      | Killed Ijyb
  2401 | D:4      | Reached XP level 7. HP: 27/41 MP: 7/7
  2717 | D:4      | Noticed Eustachio
  2737 | D:4      | Killed Eustachio
  3332 | D:5      | Entered Level 5 of the Dungeon
  3488 | D:5      | Found a shadowy altar of Dithmenos.
  3775 | D:5      | Reached skill level 5 in Short Blades
  3937 | D:5      | Reached XP level 8. HP: 48/48 MP: 8/8
  4207 | D:6      | Found an iron altar of Okawaru.
  4208 | D:6      | Found a burning altar of Makhleb.
  4208 | D:6      | Found a hide-covered altar of Uskayaw.
  4209 | D:6      | Found a stormy altar of Qazlal.
  4254 | D:6      | Found a sacrificial altar of Ru.
  4255 | D:6      | Found a hazy altar of Hepliaklqana.
  4272 | D:6      | Reached skill level 5 in Dodging
  4544 | D:6      | Reached skill level 5 in Fighting
  4544 | D:6      | Reached skill level 1 in Evocations
  4544 | D:6      | Reached XP level 9. HP: 54/54 MP: 9/9
  4766 | D:6      | Found a staircase to the Ecumenical Temple.
  4954 | Temple   | Entered the Ecumenical Temple
  4979 | Temple   | Became a worshipper of Ashenzari the Shackled
  5215 | D:7      | Noticed Pikel
  5253 | D:6      | Killed Pikel
  5253 | D:6      | Reached skill level 5 in Stealth
  5780 | D:7      | Reached skill level 5 in Armour
  5800 | D:7      | Found a sparkling altar of Nemelex Xobeh.
  5893 | D:7      | Reached XP level 10. HP: 28/60 MP: 10/12
  6606 | D:7      | Noticed Menkaure
  6607 | D:7      | Noticed Harold
  6623 | D:7      | Killed Menkaure
  6646 | D:7      | Killed Harold
  7077 | D:8      | Found Fabu's Book Boutique.
  7081 | D:8      | Bought a book of Cantrips for 260 gold pieces
  7083 | D:8      | Learned a level 1 spell: Confusing Touch
  7085 | D:8      | Found Wiab's Magic Scroll Boutique.
  7093 | D:8      | Bought a scroll of identify for 22 gold pieces
  7093 | D:8      | Bought a scroll of teleportation for 33 gold pieces
  7093 | D:8      | Bought a scroll of identify for 22 gold pieces
  7117 | D:8      | Found Zoemuzif's Distillery.
  7132 | D:8      | Bought a potion of heal wounds for 75 gold pieces
  7132 | D:8      | Bought a potion of might for 60 gold pieces
  7205 | D:8      | Found Cimmyquy's Weapon Shop.
  7259 | D:8      | Found a glowing silver altar of Zin.
  7479 | D:8      | Noticed an ogre mage
  7480 | D:8      | Noticed a frost giant
  7483 | D:8      | Found a radiant altar of Vehumet.
  7483 | D:8      | Found a shimmering altar of Xom.
  7494 | D:8      | HP: 3/61 [frost giant/+1 battleaxe of freezing (28)]
  7494 | D:8      | HP: 1/61 [frost giant/+1 battleaxe of freezing (2)]
  7500 | D:8      | Killed from afar by a frost giant

Skill      XL: |  1  2  3  4  5  6  7  8  9 10 |
---------------+-------------------------------+-----
Short Blades   | 3 4 5 6 7 |  7.9
Throwing       | 2 |  2.0
Dodging        | 3 4 5 6 7 |  7.2
Armour         | 1 2 3 4 5 |  5.9
Stealth        | 1 2 3 4 5 |  5.1
Fighting       | 3 4 5 6 |  6.5
Evocations     | 1 2 3 |  3.5
Spellcasting   | |  0.5
Hexes          | |  0.4

Action                   |  1- 3 |  4- 6 |  7- 9 | 10-12 || total
-------------------------+-------+-------+-------+-------++-------
Melee: Rapier            |   114 |       |       |       ||   114
       Dagger            |    14 |   237 |   375 |   182 ||   808
Throw: Throwing net      |       |     3 |       |     2 ||     5
 Cast: Confusing Touch   |       |       |       |     1 ||     1
  Use: Potion            |     1 |     1 |     5 |     4 ||    11
       Scroll            |       |       |     9 |     3 ||    12
 Stab: Sleeping          |       |     2 |     3 |     1 ||     6
       Held in net/web   |       |     1 |       |       ||     1
       Distracted        |       |       |     1 |       ||     1
  Eat: Chunk             |     1 |     4 |    11 |     6 ||    22
Armor: Leather armour    |    37 |    78 |   135 |    64 ||   314
Dodge: Dodged            |    65 |   120 |   262 |   122 ||   569
